 Dungeon Crawl Stone Soup version 0.23-a0-844-gdc03e01 (webtiles) character file.

462048 Firecrotchwizard the Warrior (level 24, -6/224 (225) HPs)
             Began as a Ghoul Monk on Jan 23, 2019.
             Was a High Priest of Okawaru.
             Mangled by an Executioner (17 damage)
             ... while paralysed by accursed screaming
             ... on level 4 of the Abyss on Jan 27, 2019.
             The game lasted 02:22:08 (48850 turns).

Firecrotchwizard the Warrior (Ghoul Monk)          Turns: 48850, Time: 02:22:09

HP:   -6/224 (225)  AC: 32    Str: 27 (29) XL:     24   Next: 50%
MP:   32/32         EV:  2    Int:  7 (10) God:    Okawaru [*****.]
Gold: 1661          SH:  0    Dex: 14 (16) Spells: 23/23 levels left

rFire    + . .     SeeInvis +     - Unarmed
rCold    + . .     Gourm    .   E - +4 large shield {reflect}
rNeg     + + +     Faith    .   f - +5 plate armour "Metelopo" {rElec rF+ Regen+ Int+4}
rPois    ∞         Spirit   .   P - +0 mask of the Dragon {MR+ Slay+3 SInv}
rElec    +         Reflect  +   a - +1 cloak "Yseyso" {Str+4}
rCorr    .         Harm     .   r - +2 pair of gloves
MR       ++...                  T - +2 pair of boots {Fly}
Stlth    ..........             B - +6 amulet of reflection
HPRegen  0.00/turn              C - +5 ring of dexterity
MPRegen  0.23/turn              V - +3 ring of protection

@: paralysed, flying, rotting, hasted
A: rotting body, claws 1, carnivore, cold resistance 1, negative energy
resistance 3, inhibited regeneration, torment resistance, unbreathing
}: 2/15 runes: decaying, gossamer
a: Heroism, Finesse, Renounce Religion, Stop Flying


You were on level 4 of the Abyss.
You worshipped Okawaru.
Okawaru was extremely pleased with you.
You were not hungry.

You visited 7 branches of the dungeon, and saw 39 of its levels.
You visited the Abyss 1 time.
You visited 1 bazaar.
You also visited: Ossuary and Volcano.

You collected 4620 gold pieces.
You spent 2959 gold pieces at shops.

Inventory:

Hand Weapons
 b - a +9 hand crossbow of freezing
   (Okawaru gifted it to you on level 13 of the Dungeon)
Missiles
 Z - 890 bolts
Armour
 a - the +1 cloak "Yseyso" (worn) {Str+4}
   (You found it on level 9 of the Dungeon)

   It affects your strength (+4).
 f - the +5 plate armour "Metelopo" (worn) {rElec rF+ Regen+ Int+4}
   (You found it on level 3 of the Vaults)

   It affects your intelligence (+4).
   It protects you from fire.
   It insulates you from electricity.
   It increases your rate of regeneration.
 r - a +2 pair of gloves (worn)
   (You found it on level 3 of the Dungeon)
 E - a +4 large shield of reflection (worn)
   (Okawaru gifted it to you on level 4 of the Spider Nest)
 P - the +0 mask of the Dragon (worn) {MR+ Slay+3 SInv}
   (You found it on level 5 of the Lair of Beasts)

   It affects your accuracy and damage with ranged weapons and melee attacks
   (+3).
   It affects your resistance to hostile enchantments.
   It lets you see invisible.
 T - a +2 pair of boots of flying (worn)
   (Okawaru gifted it to you on level 2 of the Swamp)
 W - the +4 helmet "Itomoll" {rF+ Int+3}
   (Okawaru gifted it to you on level 1 of the Elven Halls)

   It affects your intelligence (+3).
   It protects you from fire.
Jewellery
 s - an uncursed ring of fire {rF+, rC-}
   (You found it on level 1 of the Elven Halls)
 B - a +6 amulet of reflection (around neck)
   (You bought it in a shop on level 10 of the Dungeon)
 C - a +5 ring of dexterity (left hand)
   (You bought it in a shop on level 10 of the Dungeon)
 J - an uncursed ring of fire {rF+, rC-}
   (You found it on level 6 of the Dungeon)
 M - an uncursed ring of resist corrosion
   (You found it on level 1 of the Swamp)
 V - a +3 ring of protection (right hand)
   (You found it on level 1 of the Elven Halls)
Wands
 e - a wand of iceblast (3)
   (You found it on level 1 of the Vaults)
 n - a wand of disintegration (17)
   (You found it on level 2 of the Vaults)
 A - a wand of digging (23)
   (You took it off a boggart on level 7 of the Dungeon)
 R - a wand of scattershot (2)
   (You found it on level 6 of the Lair of Beasts)
 X - a wand of clouds (6)
   (You found it on level 2 of the Elven Halls)
Scrolls
 i - 14 scrolls of teleportation
 k - 6 scrolls of magic mapping {!r}
 m - 4 scrolls of enchant weapon
 p - 22 scrolls of remove curse
 q - 13 scrolls of identify
 u - 7 scrolls of fog
 y - 2 scrolls of fear
 H - 2 scrolls of immolation {!r}
 Y - 2 scrolls of silence
Potions
 g - 2 potions of resistance
 j - 2 potions of cancellation
 l - a potion of heal wounds
 o - 7 potions of curing
 t - 2 potions of magic
 v - 6 potions of brilliance
 x - a potion of haste
 z - 5 potions of ambrosia
 I - 4 potions of might
 K - 7 potions of agility
 N - a potion of invisibility
Miscellaneous
 h - a lightning rod (4/4)
   (You found it on level 4 of the Abyss)
Comestibles
 d - 76 rations


   Skills:
 - Level 20.5 Fighting
 - Level 10.0 Crossbows
 - Level 11.6 Armour
 - Level 3.2 Dodging
 - Level 2.1 Stealth
 - Level 19.1 Shields
 - Level 20.0 Unarmed Combat
 - Level 9.2 Invocations
 + Level 13.7 Evocations


You had 23 spell levels left.
You didn't know any spells.
Your spell library contained the following spells:

 Spells                   Type           Power        Failure   Level  Hunger
 Animate Skeleton         Necr           N/A          100%        1    ##.....
 Apportation              Tloc           #.....       100%        1    ##.....
 Confusing Touch          Hex            #.....       100%        1    ##.....
 Flame Tongue             Conj/Fire      #....        100%        1    ##.....
 Magic Dart               Conj           #...         100%        1    ##.....
 Pain                     Necr           #...         100%        1    ##.....
 Shock                    Conj/Air       #...         100%        1    ##.....
 Summon Butterflies       Summ           #.......     100%        1    ##.....
 Summon Small Mammal      Summ           #...         100%        1    ##.....
 Blink                    Tloc           N/A          100%        2    ###....
 Call Imp                 Summ           #.......     100%        2    ###....
 Slow                     Hex            #.......     100%        2    ###....
 Sticks to Snakes         Tmut           #.......     100%        2    ###....
 Throw Flame              Conj/Fire      #.....       100%        2    ###....
 Call Canine Familiar     Summ           #.......     100%        3    ####...
 Conjure Flame            Conj/Fire      #.......     100%        3    ####...
 Ignite Poison            Fire/Tmut/Pois #.......     100%        3    ####...
 Inner Flame              Hex/Fire       #.......     100%        3    ####...
 Mephitic Cloud           Conj/Pois/Air  #.......     100%        3    ####...
 Recall                   Summ/Tloc      N/A          100%        3    ####...
 Regeneration             Chrm/Necr      #.........   100%        3    ####...
 Summon Guardian Golem    Hex/Summ       #.......     100%        3    ####...
 Vampiric Draining        Necr           #.........   100%        3    ####...
 Animate Dead             Necr           N/A          100%        4    #####..
 Cause Fear               Hex            #.........   100%        4    #####..
 Sticky Flame             Conj/Fire      #.......     100%        4    #####..
 Summon Ice Beast         Ice/Summ       #.......     100%        4    #####..
 Summon Lightning Spire   Summ/Air       #.......     100%        4    #####..
 Throw Icicle             Conj/Ice       #.......     100%        4    #####..
 Aura of Abjuration       Summ           #.........   100%        5    ######.
 Bolt of Magma            Conj/Fire/Erth #.........   100%        5    ######.
 Fireball                 Conj/Fire      #.........   100%        5    ######.
 Irradiate                Conj/Tmut      #.........   100%        5    ######.
 Iskenderun's Battlesphe  Conj/Chrm      #.......     100%        5    ######.
 Silence                  Hex/Air        #.........   100%        5    ######.
 Summon Demon             Summ           #.........   100%        5    ######.
 Summon Forest            Summ/Tloc      #.........   100%        5    ######.
 Summon Mana Viper        Hex/Summ       #.......     100%        5    ######.
 Venom Bolt               Conj/Pois      #.........   100%        5    ######.
 Yara's Violent Unravell  Hex/Tmut       #.........   100%        5    ######.
 Bolt of Fire             Conj/Fire      #.........   100%        6    #######
 Deflect Missiles         Chrm/Air       #.........   100%        6    #######
 Iron Shot                Conj/Erth      #.........   100%        6    #######
 Shadow Creatures         Summ           N/A          100%        6    #######
 Orb of Destruction       Conj           #.........   100%        7    #######
 Ring of Flames           Chrm/Fire      #.........   100%        7    #######
 Spellforged Servitor     Conj/Summ      #.........   100%        7    #######
 Summon Hydra             Summ           #.........   100%        7    #######
 Discord                  Hex            #.........   100%        8    #######
 Ignition                 Fire           #.........   100%        8    #######
 Beastly Appendage        Tmut           Unusable     N/A         1    N/A
 Spider Form              Tmut/Pois      Unusable     N/A         3    N/A
 Ice Form                 Ice/Tmut       Unusable     N/A         4    N/A
 Blade Hands              Tmut           Unusable     N/A         5    N/A
 Hydra Form               Tmut           Unusable     N/A         6    N/A
 Statue Form              Tmut/Erth      Unusable     N/A         6    N/A
 Dragon Form              Tmut           Unusable     N/A         7    N/A

Dungeon Overview and Level Annotations

Branches:
Dungeon (15/15)            Temple (0/1) D:4            Lair (6/6) D:8
  Swamp (4/4) Lair:3       Spider (4/4) Lair:4        Slime (0/5) Lair:5
    Orc (2/2) D:9             Elf (3/3) Orc:2        Vaults (5/5) D:13
  Crypt (0/3) Vaults:3     Depths (0/5) D:15

Altars:
Ashenzari
Dithmenos
Elyvilon
Gozag
Makhleb
Okawaru
Zin
Beogh
Jiyva

Shops:
D:10 %?*[!   D:13 (*(   D:15 (   Orc:2 **}*   Elf:2 ?   Vaults:2 *   Vaults:4 *

Annotations:
D:3 1 runed door
D:13 1 runed translucent door, exclusion: orange crystal statue, Qaessaf's ghost, journeyman BaMo
D:15 3 runed doors, demenzo's ghost, journeyman DDAr
Lair:4 exclusion: oklob plant
Vaults:2 exclusion: obsidian statue


Innate Abilities, Weirdness & Mutations

Your body is rotting away.
You thrive on raw meat.
You are immune to poison.
You have sharp fingernails.
You are carnivorous and can eat meat at any time.
Your flesh is cold resistant. (rC+)
You are immune to negative energy. (rN+++)
You do not regenerate when monsters are visible.
You are immune to unholy pain and torment.
You can survive without breathing.


Message History

The starcursed mass shudders and is absorbed by its neighbour.
An ancient zyme comes into view.
The lightning spire shoots out a bolt of lightning at you!
The bolt of electricity hits the raiju.
The raiju completely resists.
The bolt of electricity hits you but does no damage.
The lightning spire shoots out a bolt of lightning at you!
The bolt of electricity hits the raiju.
The raiju completely resists.
You resist. The bolt of electricity hits you.
The raiju bursts into living lightning!
You resist. The living lightning hits you.
The raiju blinks!
A deafening chorus of shrieks assaults your mind!
The raiju barks!
You take 13 damage, and have 98/224 hp.
The raiju barks!
A starcursed mass splits.
A deafening chorus of shrieks assaults your mind!
The lightning spire shoots out a bolt of lightning at you!
The bolt of electricity hits the raiju.
The raiju completely resists.
You resist. The bolt of electricity hits you. You block the raiju's attack.
You take 17 damage, and have 81/224 hp.
The wretched star pulses with an eldritch light!
The raiju bursts into living lightning!
The living lightning misses the raiju.
You resist. The living lightning hits you.
The living lightning hits the lightning spire.
The lightning spire completely resists.
The raiju blinks!
The raiju bursts into living lightning!
The living lightning hits the lightning spire.
The lightning spire completely resists.
The living lightning misses you.
The raiju blinks!
A starcursed mass splits.
The raiju bursts into living lightning!
You resist. The living lightning hits you.
The raiju blinks!
Unknown command.
You take 10 damage, and have 71/224 hp.
The raiju barely misses you. You block the raiju's attack.
You punch the lightning spire!
The lightning spire shoots out a bolt of lightning at you!
You resist.
The bolt of electricity hits you but does no damage.
The lightning spire shoots out a bolt of lightning at you!
The bolt of electricity hits the raiju.
The raiju completely resists.
The bolt of electricity hits you but does no damage.
The bolt of electricity hits the lightning spire.
The lightning spire completely resists.
The raiju barks!
You pummel the lightning spire like a punching bag!!!
You destroy the lightning spire!
Okawaru accepts your kill.
A harpy skeleton comes into view.
The starcursed mass engulfs you but does no damage.
The wretched star pulses with an eldritch light!
Your body decomposes!
You feel clumsy. You block the raiju's attack.
The raiju bites you but does no damage.
The lightning spire shoots out a bolt of lightning at you!
The bolt of electricity hits you but does no damage.
You block the Executioner's attack. x3; The Executioner hits you!
* * * LOW HITPOINT WARNING * * *
You block the Executioner's attack.
The Executioner hits you but does no damage.
The raiju barely misses you.
You take 17 damage, and have 54/224 hp.
You pummel the Executioner!! You block the Executioner's attack. x2
The Executioner hits you!
* * * LOW HITPOINT WARNING * * *
A starcursed mass splits.
The lightning spire shoots out a bolt of lightning at you!
The bolt of electricity hits the Executioner.
The Executioner resists.
You resist. The bolt of electricity hits you.
* * * LOW HITPOINT WARNING * * *
You block the Executioner's attack.
The Executioner hits you but does no damage. x2
The wretched star pulses with an eldritch light!
Your body decomposes!
You feel weakened.
Your body decomposes!
You feel weakened.
The raiju bursts into living lightning!
You resist. The living lightning hits you.
* * * LOW HITPOINT WARNING * * *
The living lightning hits the lightning spire.
The lightning spire completely resists.
The raiju blinks!
A small abomination comes into view.
A cacophony of accursed wailing tears at your sanity!
* * * LOW HITPOINT WARNING * * *
You suddenly lose the ability to move!
The Executioner hits you!
* * * LOW HITPOINT WARNING * * *
The Executioner hits you but does no damage. x2
The Executioner hits you!
* * * LOW HITPOINT WARNING * * *
The Executioner barely misses you.
The Executioner hits you but does no damage.
The raiju bites you but does no damage.
The starcursed mass engulfs you but does no damage.
The wretched star pulses with an eldritch light!
Your body decomposes!
You feel clumsy. The Executioner hits you!
You die...

.... #..# .. .... ...
... .. #.. #..##..#
Z.##. .
#..##.≈≈8≈≈##..##..##.
....h.≈≈Z≈≈...........
....≈≈.≈≈..... . .* #.
#.8.X38##..# .# .
.#..##.≈@1X≈##..##.. .
.....x.XhX.XXX*.......
......h≈X.XX......).)..
.#..##.≈≈.≈≈##.[# ..##.
#. #X≈X8≈x##.[## # .
.......h...... .......
................ .. .
#..##..##..##..# †.##
#.. #..##.§##..##. ##.


You could see 9 starcursed masses, a wretched star, an Executioner, an ancient
zyme, 3 large abominations, a smoke demon, 4 raiju, a small abomination, 4
lightning spires and a harpy skeleton.

Vanquished Creatures
  A bone dragon (Abyss:4)
  A lich (Vaults:5)
  Rupert (Orc:2)
  A tentacled monstrosity (D:13)
  The ghost of mjk6000 the Brawler, an adept TrAM of Okawaru (Swamp:4)
  The ghost of Gargh the Warrior, an adept DsGl of Okawaru (Vaults:2)
  Asterion (Elf:1)
  3 deep elf blademasters (Elf:2)
  2 titans
  A deep elf master archer (Elf:3)
  3 tentacled starspawn (Abyss:4)
  An Executioner (Abyss:4)
  A tengu reaver (Vaults:4)
  Frances (Spider:1)
  2 sphinxes
  A shadow dragon (Vaults:5)
  4 thorn hunters
  Donald (Elf:2)
  A storm dragon (Vaults:2)
  3 ghost moths
  3 frost giants
  12 vault wardens
  2 fire giants
  6 deep elf sorcerers
  A balrug (Abyss:4)
  Louise (D:14)
  2 deep elf elementalists (Elf:3)
  4 emperor scorpions (Spider:4)
  The ghost of Maodask the Fighter, a journeyman FoFi of Makhleb (Swamp:1)
  3 entropy weavers
  8 very ugly things
  A war gargoyle (Vaults:4)
  6 stone giants
  9 ironheart preservers
  4 deep elf demonologists
  A yellow draconian (Abyss:4)
  5 deep elf annihilators
  2 spark wasps
  A green death (Abyss:4)
  3 deep elf death magi
  A merfolk impaler (Abyss:4)
  2 blizzard demons (Abyss:4)
  2 fire dragons
  9 yaktaur captains
  3 deep elf high priests
  4 great orbs of eyes
  A ghost crab (Swamp:4)
  33 vault guards
  2 rakshasas
  5 shambling mangroves
  An ice dragon (Vaults:2)
  27 hydras
  23 two-headed ogres
  2 catoblepae (Lair:6)
  4 centaur warriors
  10 ogre magi
  13 alligators
  21 dancing weapons
  A satyr (shapeshifter) (Vaults:4)
  2 death knights
  A tengu warrior (D:14)
  7 thrashing horrors (Abyss:4)
  Erica (D:9)
  15 death yaks
  16 starcursed masses (Abyss:4)
  6 orc high priests
  22 deep elf knights
  2 sun demons (Abyss:4)
  A shadow wraith (Vaults:4)
  8 skeletal warriors
  4 wretched stars (Abyss:4)
  A fire crab (Lair:5)
  12 large abominations
  A sixfirhy (Abyss:4)
  A hell knight (Volcano)
  10 deep trolls
  4 unseen horrors
  A spriggan druid (Swamp:1)
  2 shadow demons (Abyss:4)
  An obsidian statue (Vaults:2)
  3 wizards
  12 swamp dragons
  13 ironbrand convokers
  A lindwurm (Lair:6)
  9 harpies
  12 orc knights
  12 deep elf archers
  Pikel (D:8)
  2 phantasmal warriors
  A necromancer (Vaults:4)
  43 wolf spiders
  A mana viper (shapeshifter) (Vaults:1)
  27 orb spiders
  2 manticores (Lair:6)
  9 orc sorcerers
  5 cyclopes
  61 deep elf magi
  45 ugly things
  5 moths of wrath
  A worldbinder (Abyss:4)
  22 elephants
  A guardian serpent (shapeshifter) (D:14)
  An apocalypse crab (Abyss:4)
  10 black mambas
  Joseph (D:8)
  24 spiny frogs
  A black mamba (shapeshifter) (Vaults:4)
  17 vault sentinels
  4 smoke demons
  5 gargoyles
  A guardian serpent (Lair:6)
  5 komodo dragons
  A torpor snail (Lair:6)
  A rime drake (Lair:6)
  A yaktaur zombie (Vaults:4)
  An ice devil (Abyss:4)
  A kobold demonologist (D:12)
  3 red devils
  An efreet (Abyss:4)
  24 yaktaurs
  13 demonic crawlers
  2 ancient zymes (Abyss:4)
  5 freezing wraiths
  6 trolls
  3 meliai (Lair:5)
  29 slime creatures
  A queen bee (Lair:5)
  A polar bear (shapeshifter) (D:14)
  A meliai (shapeshifter) (Vaults:1)
  38 jumping spiders
  A polar bear (Lair:4)
  20 blink frogs
  27 hornets
  A hornet (shapeshifter) (Vaults:2)
  8 tyrant leeches
  8 hippogriffs
  3 raiju (Abyss:4)
  2 dream sheep (Lair:6)
  7 bog bodies
  81 redbacks
  A ynoxinul (Abyss:4)
  Sigmund (D:5)
  4 shadows
  40 tarantellas
  A water elemental (Elf:2)
  12 wyverns
  A yak (shapeshifter) (D:13)
  An air elemental (Elf:2)
  6 spriggans
  7 wraiths
  Eustachio (D:6)
  2 humans
  24 yaks
  3 hogs (D:7)
  9 fire bats
  3 basilisks
  2 humans (shapeshifter)
  2 hungry ghosts
  3 human simulacra
  2 golden eyes (Abyss:4)
  A yaktaur simulacrum (Vaults:1)
  2 chaos spawn
  2 neqoxecs (Abyss:4)
  46 vampire mosquitoes
  5 wargs
  10 insubstantial wisps
  2 acid dragons
  Menkaure (D:3)
  Duvessa (D:5)
  3 hell hounds (Volcano)
  18 swamp worms
  24 water moccasins
  11 porcupines
  33 orc warriors
  A slave (D:8)
  11 small abominations
  12 swamp drakes
  A sky beast (D:10)
  5 ice beasts
  A sky beast (shapeshifter) (Vaults:4)
  5 black bears
  A hornet zombie (D:11)
  7 boggarts
  3 phantoms
  An ogre (shapeshifter) (Vaults:4)
  20 ogres
  11 wolves
  12 centaurs
  2 big kobolds
  10 crocodiles
  2 earth elementals
  17 bullfrogs
  A gnoll sergeant (D:8)
  A wyvern zombie (D:12)
  Dowan (D:5)
  A human skeleton (Vaults:4)
  A glowing shapeshifter simulacrum (Vaults:3)
  A hornet simulacrum (D:15)
  2 scorpions
  35 killer bees
  8 wights
  A troll skeleton (D:14)
  5 electric eels
  2 howler monkeys
  4 spriggan skeletons (D:14)
  5 lava snakes (Volcano)
  7 crimson imps
  2 centaur zombies
  3 bullfrog zombies
  5 hounds
  18 orc priests
  4 jellies
  38 orc wizards
  7 centaur skeletons
  2 quasits
  2 bullfrog skeletons
  8 iguanas
  10 worker ants
  2 lightning spires (Abyss:4)
  3 hound zombies
  A hound skeleton (D:6)
  2 worker ant zombies
  Robin (D:3)
  3 gnolls (D:8)
  12 adders
  5 shadow imps
  2 ufetubi (Abyss:4)
  2 oozes
  5 adder skeletons
  3 worms
  4 dart slugs
  5 leopard geckos
  100 orcs
  3 ball pythons
  9 bats
  3 giant cockroaches
  16 goblins
  13 hobgoblins
  9 jackals
  5 quokkas
  2 ball python skeletons (Ossuary)
  5 frilled lizards
  2 hobgoblin skeletons (Ossuary)
  17 kobolds
  3 kobold zombies (Ossuary)
  An orc skeleton (Ossuary)
  10 rats
1863 creatures vanquished.

Vanquished Creatures (others)
  A stone giant (Vaults:2)
  5 centaur warriors
  A thrashing horror (Abyss:4)
  5 deep elf archers
  3 deep elf magi
  An orc sorcerer (D:13)
  3 cyclopes
  4 yaktaurs
  A hornet (shapeshifter) (Abyss:4)
  4 golden eyes (Abyss:4)
  2 orc warriors (Vaults:1)
  2 ogres
  A centaur (D:15)
  2 wights (Abyss:4)
  An orc (Vaults:1)
  4 briar patches
  36 fungi
  35 plants
  6 starspawn tentacles (Abyss:4)
  A withered plant (D:13)
118 creatures vanquished.

Grand Total: 1981 creatures vanquished

Notes
Turn   | Place    | Note
-------+----------+-------------------------------------------
     0 | D:1      | Firecrotchwizard the Ghoul Monk began the quest for the
                  | Orb.
     0 | D:1      | Reached XP level 1. HP: 19/19 MP: 0/0
    78 | D:1      | Reached XP level 2. HP: 25/26 MP: 1/1
   459 | D:1      | Reached skill level 3 in Dodging
   459 | D:1      | Reached skill level 4 in Unarmed Combat
   459 | D:1      | Reached XP level 3. HP: 28/29 MP: 2/2
   978 | D:2      | Found a shattered altar of Ashenzari.
  1164 | D:2      | Reached XP level 4. HP: 31/40 MP: 3/3
  1397 | D:2      | Found an iron altar of Okawaru.
  1404 | D:2      | Became a worshipper of Warmaster Okawaru
  1404 | D:2      | Reached * piety under Okawaru
  1404 | D:2      | Reached ** piety under Okawaru
  1497 | D:2      | Reached skill level 4 in Fighting
  2408 | D:3      | Found a glowing silver altar of Zin.
  2408 | D:3      | Noticed an angel
  2409 | D:3      | Found a runed door.
  2691 | D:3      | Reached XP level 5. HP: 36/46 MP: 4/4
  2714 | D:3      | Reached skill level 1 in Invocations
  2715 | D:3      | Noticed Robin
  2782 | D:3      | Reached skill level 5 in Unarmed Combat
  2904 | D:3      | Killed Robin
  3373 | D:4      | Noticed Menkaure
  3393 | D:3      | Killed Menkaure
  3393 | D:3      | Reached skill level 2 in Invocations
  3393 | D:3      | Reached XP level 6. HP: 41/51 MP: 6/6
  3418 | D:4      | Reached skill level 6 in Unarmed Combat
  3517 | D:4      | Reached skill level 5 in Fighting
  3532 | D:4      | Reached XP level 7. HP: 41/60 MP: 8/8
  3553 | D:4      | HP: 13/60 [orc/+0 hand axe (3)]
  3554 | D:4      | Reached skill level 3 in Invocations
  3587 | D:4      | HP: 14/61 [something/magic dart (3)]
  3854 | D:4      | Found a staircase to the Ecumenical Temple.
  3949 | D:4      | Reached skill level 7 in Unarmed Combat
  4160 | D:5      | Entered Level 5 of the Dungeon
  4206 | D:5      | Reached *** piety under Okawaru
  4393 | D:5      | Reached skill level 1 in Armour
  4393 | D:5      | Reached XP level 8. HP: 44/70 MP: 6/9
  4554 | D:5      | Reached skill level 6 in Fighting
  4554 | D:5      | Reached skill level 8 in Unarmed Combat
  4692 | D:5      | Found a sand-covered staircase.
  4706 | Ossuary  | Entered an ossuary
  4808 | Ossuary  | Noticed a flying skull
  4808 | Ossuary  | Noticed a wraith
  4814 | Ossuary  | Noticed a flying skull
  4839 | Ossuary  | Noticed a flying skull
  4840 | Ossuary  | Noticed a flying skull
  4856 | Ossuary  | Reached skill level 2 in Armour
  4889 | Ossuary  | Noticed a wraith
  4900 | Ossuary  | Killed a wraith
  5009 | Ossuary  | Noticed a wraith
  5022 | Ossuary  | Killed a wraith
  5178 | D:5      | Reached skill level 9 in Unarmed Combat
  5188 | D:5      | Noticed Sigmund
  5208 | D:5      | Killed Sigmund
  5208 | D:5      | Reached skill level 3 in Armour
  5208 | D:5      | Reached XP level 9. HP: 56/78 MP: 8/10
  5280 | D:5      | Reached skill level 7 in Fighting
  5385 | D:5      | Upgraded the game from 0.23-a0-821-gecd3555 to
                  | 0.23-a0-831-g5da158a
  5415 | D:5      | Noticed Duvessa
  5426 | D:5      | Noticed Dowan
  5436 | D:5      | Killed Duvessa
  5440 | D:5      | Killed Dowan
  5440 | D:5      | Reached **** piety under Okawaru
  5858 | D:6      | Reached skill level 10 in Unarmed Combat
  5911 | D:6      | Reached skill level 4 in Armour
  6096 | D:6      | Noticed Eustachio
  6112 | D:6      | Killed Eustachio
  6803 | D:7      | Reached skill level 8 in Fighting
  6929 | D:7      | Reached skill level 11 in Unarmed Combat
  6929 | D:7      | Reached XP level 10. HP: 54/88 MP: 8/11
  6934 | D:7      | Reached skill level 5 in Armour
  6945 | D:7      | Reached ***** piety under Okawaru
  7321 | D:7      | Upgraded the game from 0.23-a0-831-g5da158a to
                  | 0.23-a0-837-ga3e6480
  7754 | D:7      | Found a burning altar of Makhleb.
  8072 | D:8      | Noticed Joseph
  8092 | D:8      | Reached skill level 9 in Fighting
  8092 | D:8      | Reached skill level 12 in Unarmed Combat
  8115 | D:8      | Killed Joseph
  8115 | D:8      | Received a gift from Okawaru
  8122 | D:8      | Reached skill level 6 in Armour
  8365 | D:8      | Found a staircase to the Lair.
  8408 | D:8      | Noticed Pikel
  8418 | D:8      | Killed Pikel
  8456 | D:8      | Reached XP level 11. HP: 79/97 MP: 12/12
  8638 | D:8      | Found a shadowy altar of Dithmenos.
  8782 | D:9      | Got a dazzling cloak
  8788 | D:9      | Identified the +1 cloak "Yseyso" {Str+4} (You found it on
                  | level 9 of the Dungeon)
  8803 | D:9      | Reached skill level 1 in Shields
  9298 | D:9      | Found a staircase to the Orcish Mines.
  9382 | D:9      | Reached skill level 2 in Shields
  9397 | D:9      | Found a roughly hewn altar of Beogh.
  9578 | D:9      | Reached skill level 3 in Shields
  9580 | D:9      | Reached skill level 10 in Fighting
  9674 | D:9      | Noticed Erica
  9695 | D:9      | Killed Erica
  9927 | D:10     | Entered Level 10 of the Dungeon
 10022 | D:10     | Reached skill level 4 in Shields
 10039 | D:10     | Found Zoemaozu's Armour Emporium.
 10052 | D:10     | Found Pynwot's Distillery.
 10085 | D:10     | You fall through a shaft for 2 floors!
 10397 | D:10     | Reached skill level 5 in Shields
 10423 | D:10     | Found Fumokya's Magic Scroll Shoppe.
 10426 | D:10     | Bought a scroll of teleportation for 48 gold pieces
 10485 | D:10     | Found Leqyowaatt's Food Shoppe.
 10782 | D:10     | Reached skill level 6 in Shields
 11031 | D:10     | Found Noheh's Assorted Antiques.
 11041 | D:10     | Bought a tiny amethyst amulet for 150 gold pieces
 11041 | D:10     | Bought a tubular steel ring for 150 gold pieces
 11119 | Lair:1   | Entered Level 1 of the Lair of Beasts
 11232 | Lair:1   | Got a spiked leather armour
 11298 | Lair:1   | You fall through a shaft!
 11307 | Lair:2   | Reached skill level 11 in Fighting
 11561 | Lair:1   | Reached skill level 7 in Shields
 11568 | Lair:1   | Reached XP level 12. HP: 91/110 MP: 13/13
 11587 | Lair:1   | Reached ****** piety under Okawaru
 11848 | Lair:1   | Received a gift from Okawaru
 11849 | Lair:1   | Got a steaming chain mail {god gift}
 11860 | Lair:1   | Identified the +7 chain mail of Wilonamu {rC+ MR+ SInv}
                  | (Okawaru gifted it to you on level 1 of the Lair of Beasts)
 12397 | Lair:2   | Noticed a seven-headed hydra
 12405 | Lair:2   | Killed a seven-headed hydra
 12405 | Lair:2   | Reached skill level 8 in Shields
 12405 | Lair:2   | Reached skill level 4 in Invocations
 13525 | Lair:3   | Found a staircase to the Swamp.
 14016 | Lair:4   | Noticed a five-headed hydra
 14069 | Lair:4   | Reached skill level 5 in Invocations
 14095 | Lair:4   | Killed a five-headed hydra
 14095 | Lair:4   | Reached skill level 9 in Shields
 14101 | Lair:4   | Reached skill level 12 in Fighting
 14440 | Lair:4   | Found a hole to the Spider Nest.
 14540 | Lair:4   | Reached skill level 6 in Invocations
 14629 | Lair:4   | Reached XP level 13. HP: 95/118 MP: 16/16
 14658 | Lair:4   | Reached skill level 10 in Shields
 14986 | Lair:4   | Reached skill level 7 in Invocations
 15597 | Lair:4   | Received a gift from Okawaru
 15673 | Lair:5   | You fall through a shaft!
 15673 | Lair:6   | Entered Level 6 of the Lair of Beasts
 15684 | Lair:6   | Reached skill level 11 in Shields
 15706 | Lair:6   | Reached skill level 13 in Fighting
 15784 | Lair:5   | Found a staircase to the Slime Pits.
 15784 | Lair:5   | Found a viscous altar of Jiyva.
 16090 | Lair:5   | Reached skill level 8 in Invocations
 16352 | Lair:5   | Found the +0 mask of the Dragon {MR+ Slay+3 SInv}
 16420 | Lair:5   | Reached XP level 14. HP: 96/129 MP: 14/19
 16433 | Lair:5   | Received a gift from Okawaru
 16438 | Lair:5   | Reached skill level 12 in Shields
 16457 | Lair:5   | Reached skill level 9 in Invocations
 16507 | Lair:5   | Got a crystal double sword {god gift}
 17090 | Lair:6   | Identified the +5 double sword "Trog's Wrath" {flame, rElec
                  | rPois Int-4} (Okawaru gifted it to you on level 5 of the
                  | Lair of Beasts)
 17482 | Lair:6   | Reached skill level 13 in Unarmed Combat
 17545 | Lair:6   | Reached skill level 14 in Fighting
 17775 | Lair:6   | Received a gift from Okawaru
 18089 | Lair:6   | Reached skill level 13 in Shields
 18279 | Lair:6   | Received a gift from Okawaru
 18518 | Lair:6   | Reached XP level 15. HP: 138/139 MP: 18/20
 20321 | D:12     | Received a gift from Okawaru
 20352 | D:12     | Identified a scroll of acquirement
 20765 | D:12     | Reached skill level 14 in Shields
 21194 | D:13     | Found Soxkyn's Antique Weapon Shop.
 21202 | D:13     | Found Aneogih's Assorted Antiques.
 21272 | D:13     | Reached skill level 14 in Unarmed Combat
 21382 | D:13     | Found a runed translucent door.
 21592 | D:13     | Found Hogeaf's Weapon Emporium.
 21640 | D:13     | Found a runed door.
 21652 | D:13     | Reached skill level 15 in Fighting
 21859 | D:13     | Found a gate to the Vaults.
 22382 | D:13     | Found a runed door.
 22382 | D:13     | Noticed Qaessaf's ghost (journeyman BaMo)
 22610 | D:13     | Received a gift from Okawaru
 22633 | D:13     | Noticed a tentacled monstrosity
 22642 | D:13     | Killed a tentacled monstrosity
 22846 | D:14     | Received a gift from Okawaru
 22849 | D:14     | Reached skill level 15 in Shields
 22855 | D:14     | Reached XP level 16. HP: 91/149 MP: 19/21
 23284 | D:14     | Reached skill level 15 in Unarmed Combat
 23958 | D:14     | Noticed Louise
 23968 | D:14     | Received a gift from Okawaru
 23980 | D:14     | Killed Louise
 24484 | Swamp:1  | Entered Level 1 of the Swamp
 24554 | Swamp:1  | Reached skill level 16 in Fighting
 24580 | Swamp:1  | Reached skill level 7 in Armour
 24852 | Swamp:1  | Found a runed gate.
 24852 | Swamp:1  | Found a runed gate.
 24852 | Swamp:1  | Found a runed gate.
 24854 | Swamp:1  | Noticed Maodask's ghost (journeyman FoFi)
 24919 | Swamp:1  | Killed Maodask's ghost
 25556 | Swamp:2  | Noticed a thorn hunter
 26073 | Swamp:1  | Killed a thorn hunter
 26102 | Swamp:2  | Reached skill level 8 in Armour
 26320 | Swamp:2  | Received a gift from Okawaru
 26752 | Swamp:2  | Upgraded the game from 0.23-a0-837-ga3e6480 to
                  | 0.23-a0-844-gdc03e01
 26837 | Swamp:3  | Got a polished rapier
 26995 | Swamp:3  | Noticed a thorn hunter
 27005 | Swamp:3  | Killed a thorn hunter
 27082 | Swamp:3  | Reached skill level 16 in Unarmed Combat
 27144 | Swamp:3  | Reached XP level 17. HP: 125/159 MP: 20/22
 27154 | Swamp:3  | Got a faintly glowing short sword
 27630 | Swamp:4  | Entered Level 4 of the Swamp
 27904 | Swamp:4  | Reached skill level 9 in Armour
 27939 | Swamp:4  | Reached skill level 17 in Fighting
 28297 | Swamp:4  | Found a transporter.
 28297 | Swamp:4  | Noticed mjk6000's ghost (adept TrAM)
 28321 | Swamp:4  | Found a transporter.
 28561 | Swamp:4  | Received a gift from Okawaru
 28652 | Swamp:4  | Got a decaying rune of Zot
 29146 | Spider:1 | Entered Level 1 of the Spider Nest
 29191 | Spider:1 | Reached skill level 10 in Armour
 29532 | Spider:1 | Reached skill level 17 in Unarmed Combat
 29696 | Spider:1 | Received a gift from Okawaru
 29753 | Spider:1 | Noticed Frances
 29774 | Spider:1 | Killed Frances
 29967 | Spider:1 | Got a polished ring mail
 30412 | Spider:2 | Reached XP level 18. HP: 152/170 MP: 23/23
 30566 | Spider:2 | Reached skill level 18 in Fighting
 30801 | Spider:2 | Received a gift from Okawaru
 31279 | Spider:2 | Reached skill level 11 in Armour
 32970 | Spider:4 | Entered Level 4 of the Spider Nest
 33296 | Spider:4 | Reached skill level 18 in Unarmed Combat
 33584 | Spider:4 | Received a gift from Okawaru
 34214 | Spider:4 | Reached XP level 19. HP: 132/181 MP: 24/24
 34218 | Spider:4 | Got a gossamer rune of Zot
 34304 | Spider:4 | Reached skill level 19 in Fighting
 35108 | Swamp:4  | Killed mjk6000's ghost
 35152 | Swamp:4  | Got a bloodstained helmet
 35163 | Swamp:4  | Identified the +2 helmet of the Nexus {+Inv} (You found it
                  | on level 4 of the Swamp)
 35640 | Orc:1    | Entered Level 1 of the Orcish Mines
 35911 | Orc:2    | Entered Level 2 of the Orcish Mines
 35950 | Orc:2    | Noticed Rupert
 35968 | Orc:2    | Killed Rupert
 35995 | Orc:2    | Found a dark tunnel.
 36013 | Volcano  | Entered a volcano
 36104 | Volcano  | Reached skill level 16 in Shields
 36177 | Volcano  | Found a bloodstained altar of Trog.
 36198 | Volcano  | Got a twisted ring mail
 36223 | Volcano  | Found a radiant altar of Vehumet.
 36295 | Orc:2    | Found a staircase to the Elven Halls.
 36586 | Orc:2    | HP: 43/182 [smoke demon/divine providence[an orc high
                  | priest] (12)]
 36594 | Orc:2    | HP: 30/182 [smoke demon/divine providence[an orc high
                  | priest] (12)]
 36597 | Orc:2    | Received a gift from Okawaru
 36602 | Orc:2    | Got a brightly glowing flail {god gift}
 36684 | Orc:2    | Found Weakhypn's Assorted Antiques.
 36684 | Orc:2    | Found Ydyph's General Store.
 36686 | Orc:2    | Found Futhrius's Gadget Emporium.
 36686 | Orc:2    | Found Ocezad's General Store.
 36857 | Orc:2    | Bought a scroll of acquirement for 1508 gold pieces
 37161 | Elf:1    | Entered Level 1 of the Elven Halls
 37301 | Elf:1    | HP: 45/182 [tarantella[a deep elf mage] (8)]
 37518 | Elf:1    | Noticed Asterion
 37533 | Elf:1    | Killed Asterion
 37751 | Elf:1    | Identified the Compendium of Confrontation and the
                  | Entourage
 37833 | Elf:1    | Received a gift from Okawaru
 37834 | Elf:1    | Got a slimy helmet {god gift}
 37845 | Elf:1    | Identified the +4 helmet "Itomoll" {rF+ Int+3} (Okawaru
                  | gifted it to you on level 1 of the Elven Halls)
 38234 | Elf:2    | Found Wakhes's Magic Scroll Boutique.
 38238 | Elf:2    | Bought a scroll of blinking for 150 gold pieces
 38271 | Elf:2    | Reached skill level 1 in Crossbows
 38319 | Elf:2    | Reached skill level 2 in Crossbows
 38550 | Elf:2    | Reached skill level 3 in Crossbows
 38604 | Elf:2    | Identified the Guide on Igneous Changing
 38638 | Elf:2    | Reached skill level 4 in Crossbows
 38638 | Elf:2    | Reached XP level 20. HP: 183/191 MP: 25/25
 38669 | Elf:2    | Reached skill level 17 in Shields
 38759 | Elf:2    | Found a runed gate.
 38759 | Elf:2    | Found a runed gate.
 38762 | Elf:2    | Found a runed gate.
 38937 | Elf:2    | Reached skill level 5 in Crossbows
 39135 | Elf:2    | Received a gift from Okawaru
 39168 | Elf:2    | Reached skill level 6 in Crossbows
 39215 | Elf:2    | Noticed Donald
 39232 | Elf:2    | Killed Donald
 39609 | Elf:3    | Entered Level 3 of the Elven Halls
 39620 | Elf:3    | Received a gift from Okawaru
 39738 | Elf:3    | Reached skill level 7 in Crossbows
 39986 | Elf:3    | Reached skill level 8 in Crossbows
 40190 | Elf:3    | Received a gift from Okawaru
 40197 | Elf:3    | HP: 30/189 [deep elf sorcerer/bolt of acid (36)]
 40198 | Elf:3    | HP: 14/191 [deep elf elementalist/fireball (22)]
 40223 | Elf:2    | Received a gift from Okawaru
 40231 | Elf:2    | Identified the -6 pair of gloves of Objectivity {rElec rF+
                  | Str+5 Int-3} (You acquired it on level 2 of the Elven
                  | Halls)
 40629 | Orc:2    | Bought 26 bolts for 72 gold pieces
 40830 | D:13     | Bought 13 bolts for 41 gold pieces
 41140 | D:15     | Entered Level 15 of the Dungeon
 41290 | D:15     | Found Ejiyrairr's Antique Weapon Emporium.
 41379 | D:15     | Noticed demenzo's ghost (journeyman DDAr)
 41396 | D:15     | Reached skill level 9 in Crossbows
 41458 | D:15     | Found a white marble altar of Elyvilon.
 41509 | D:15     | Found a runed gate.
 41509 | D:15     | Found a runed gate.
 41509 | D:15     | Found a runed gate.
 41534 | D:15     | Found a staircase to the Depths.
 42074 | Vaults:1 | Entered Level 1 of the Vaults
 42146 | Vaults:1 | Found a flickering gateway to a bazaar.
 42156 | Bazaar   | Entered a bazaar
 42157 | Bazaar   | Found Ukhoh's Antique Weapon Shop.
 42167 | Bazaar   | Found Ykol's Food Shoppe.
 42172 | Bazaar   | Found Xeir's Gadget Emporium.
 42177 | Bazaar   | Found Juwiwoal's Food Shoppe.
 42187 | Bazaar   | Found Era Zotimo's Food Shoppe.
 42661 | Vaults:1 | Reached skill level 10 in Crossbows
 42680 | Vaults:1 | Reached XP level 21. HP: 174/197 MP: 26/26
 42722 | Vaults:1 | Reached skill level 18 in Shields
 42929 | Vaults:1 | Received a gift from Okawaru
 43334 | Vaults:1 | Received a gift from Okawaru
 43385 | Vaults:1 | Got an ancient helmet {god gift}
 43555 | Vaults:1 | Reached skill level 19 in Unarmed Combat
 43966 | Vaults:2 | Found a runed gate.
 43969 | Vaults:2 | Found an opulent altar of Gozag.
 43990 | Vaults:2 | Found a runed gate.
 43992 | Vaults:2 | Found a runed gate.
 43992 | Vaults:2 | Noticed Gargh's ghost (adept DsGl)
 43993 | Vaults:2 | Found Deysioch's Assorted Antiques.
 44017 | Vaults:2 | Killed Gargh's ghost
 44023 | Vaults:2 | HP: 30/199 [cyan very ugly thing (26)]
 44035 | Vaults:2 | HP: 31/200 [storm dragon/bolt of lightning (16)]
 44611 | Vaults:2 | Received a gift from Okawaru
 44611 | Vaults:2 | Reached skill level 20 in Fighting
 44729 | Vaults:2 | Got a twisted scale mail {god gift}
 45428 | Vaults:3 | Found a staircase to the Crypt.
 45446 | Vaults:3 | Reached XP level 22. HP: 209/209 MP: 24/27
 45561 | Vaults:3 | Reached skill level 19 in Shields
 45976 | Vaults:3 | Reached skill level 20 in Unarmed Combat
 45978 | Vaults:3 | Received a gift from Okawaru
 45999 | Vaults:3 | Identified the +0 helmet of Loss {rC+ SInv} (Okawaru gifted
                  | it to you on level 1 of the Vaults)
 46143 | Vaults:3 | Got a dazzling plate armour
 46144 | Vaults:3 | Identified the +5 plate armour "Metelopo" {rElec rF+ Regen+
                  | Int+4} (You found it on level 3 of the Vaults)
 46186 | Vaults:3 | Reached skill level 1 in Evocations
 46581 | Vaults:3 | Reached skill level 2 in Evocations
 46703 | Vaults:4 | Reached skill level 5 in Evocations
 46703 | Vaults:4 | Reached XP level 23. HP: 217/217 MP: 28/28
 46827 | Vaults:4 | Reached skill level 6 in Evocations
 47131 | Vaults:4 | Reached skill level 7 in Evocations
 47435 | Vaults:4 | Received a gift from Okawaru
 47435 | Vaults:4 | Reached skill level 8 in Evocations
 47701 | Vaults:4 | Found Secamid's Assorted Antiques.
 47709 | Vaults:4 | Bought a potion of haste for 480 gold pieces
 47709 | Vaults:4 | Bought a scroll of enchant armour for 360 gold pieces
 47765 | Vaults:4 | Reached skill level 9 in Evocations
 47932 | Vaults:5 | Entered Level 5 of the Vaults
 47940 | Vaults:5 | Reached skill level 10 in Evocations
 47981 | Vaults:5 | Noticed a golden dragon
 48022 | Vaults:5 | Reached skill level 11 in Evocations
 48030 | Vaults:5 | Reached XP level 24. HP: 147/225 MP: 25/30
 48152 | Vaults:5 | Cast into level 4 of the Abyss (a deep elf sorcerer)
 48152 | Abyss:4  | Found a corrupted altar of Lugonu.
 48163 | Abyss:4  | Found a corrupted altar of Lugonu.
 48199 | Abyss:4  | Reached skill level 12 in Evocations
 48327 | Abyss:4  | Received a gift from Okawaru
 48607 | Abyss:4  | Reached skill level 13 in Evocations
 48619 | Abyss:4  | Received a gift from Okawaru
 48725 | Abyss:4  | HP: 54/224 [starcursed mass/accursed screaming (8)]
 48734 | Abyss:4  | HP: 49/224 [starcursed mass/accursed screaming (5)]
 48814 | Abyss:4  | Paralysed by you for 6 turns
 48848 | Abyss:4  | HP: 54/224 [Executioner (17)]
 48849 | Abyss:4  | Paralysed by accursed screaming for 2 turns
 48850 | Abyss:4  | HP: 24/224 [Executioner (7)]
 48850 | Abyss:4  | HP: 11/224 [Executioner (13)]
 48850 | Abyss:4  | Mangled by an Executioner

Vault maps used:
D:1:      elethiomel_arrival_maze
D:2:      evilmike_ruin_ashenzari, hangedman_decor_points, okawaru_trees_2
D:3:      serial_co_window_serial, co_window_paths_b, co_window_corner_a,
          co_window_corner_a, co_window_of_opportunity_a, co_window_corner_a,
          co_window_paths_a, co_window_corner_a, co_window_paths_b,
          co_window_of_opportunity_a, co_window_cross_3, co_window_corner_b,
          co_window_paths_c, co_window_unsneaky_path_d, co_window_paths_c,
          co_window_broadway_a, co_window_unsneaky_path_c, lemuel_angel_altar,
          uniq_robin
D:4:      minmay_temple_entry_slanted, first_ration, uniq_menkaure
D:5:      nicolae_ossuary_entry_monument, uniq_duvessa, uniq_sigmund
D:6:      uniq_eustachio
D:7:      basic_altar, serial_glass, glass_columns_c, glass_columns_b,
          grunt_livestock, chequers_arboretum, minmay_three_doors
D:8:      due_lair_maze_entry_diamond, grunt_dithmenos_shadows, uniq_pikel,
          uniq_joseph
D:9:      minmay_orc_entry_temple_small, uniq_erica
D:10:     serial_shops, shop_fountains, shop_statue, nicolae_shop_crystal,
          nicolae_shop_stone, kennysheep_mini
D:11:     minmay_lizard_king
D:12:     drop_trap
D:13:     cheibrodos_body_horror, grunt_vaults_entry_fortified,
          gammafunk_ghost_grave, serial_shops, nicolae_shop_stone,
          nicolae_shop_overgrown_old_shop, shop, serial_bayou_ford_a,
          minmay_crystal_box
D:14:     kennysheep_cross_landing, st_stairs_3, hangedman_tell_no_tales,
          uniq_louise
D:15:     grunt_enter_depths_giant_problem, elyvilon_altar_3,
          gammafunk_ghost_icy, serial_shops, nicolae_shop_behind_doors
Lair:1:   st_stairs_4, minmay_stone_trees_small
Lair:3:   minmay_swamp_entry_worms, minivault_27, grunt_megastairs_1
Lair:4:   dpeg_oklob_gauntlet, nicolae_spider_entry_tight_spaces,
          patterned_corridor, grunt_megastairs_3, serial_bayou_shore_a
Lair:5:   slime_altar_1
Lair:6:   hangedman_lair_tendril_chambers, hangedman_lair_in_review
Swamp:1:  ebering_ghost_rock_garden, evilmike_swamp_ruin_house_6, swamp_pool1
Swamp:2:  hangedman_swamp_ruin_wall
Swamp:3:  evilmike_swamp_ruin_rubble_2
Swamp:4:  swamp_basic_johnstein, gammafunk_ghost_berserking_beasts, swamp_pool3,
          lightli_tree_ring
Spider:1: uniq_frances
Spider:2: nicolae_spider_nook
Spider:4: spider_rune_water, guppyfry_spider_mini_1
Orc:2:    grunt_orc_tribal_feast, nicolae_volcano_entry_batcave,
          nicolae_orc_crystal_geode, uniq_rupert
Elf:1:    elf_arrival_001, minmay_elf_sorcery, uniq_asterion
Elf:2:    serial_shops, shop_scrolls, uniq_donald
Elf:3:    minmay_elf_hall_quartered_circle, serial_shops, shop,
          grunt_ministairs_7, roderic_lattice_octagonal_star
Vaults:1: nicolae_vaults_little_squares_3, vaults_mumra_minichess,
          grunt_vaults_trifunnel, ontoclasm_vaults_fault,
          hangedman_vaults_cutoff, nicolae_vaults_alarming, v_misc_10,
          v_alt_pattern_2, vaults_room_grid,
          hangedman_vaults_stretched_pinwheel, nicolae_vaults_murderbox,
          v_misc_13, vaults_room_large_hall, vaults_room_large_hall,
          serial_shops, freezing_bzr
Vaults:2: ebering_vaults_ghost_gozag, v_misc_3, v_misc_25, vaults_mumra_lcd,
          v_rooms_3, nicolae_vaults_statue_guard, vaults_dpeg_ring
Vaults:3: hangedman_vaults_nails, vaults_dpeg_spiral, nicolae_vaults_what_the_h,
          dpeg_vaults_monster_box, nicolae_vaults_network_s,
          hangedman_vaults_stream, hangedman_vaults_snaps,
          nicolae_vaults_little_squares_1, ontoclasm_vaults_loading_screen
Vaults:4: ontoclasm_vaults_ring_square, nicolae_vaults_network_barrier,
          ontoclasm_vaults_shuriken, v_misc_4, v_misc_16, v_pattern_1,
          v_rooms_5, ontoclasm_vaults_shout, v_misc_24, v_misc_12, v_misc_32,
          v_misc_15, ontoclasm_vaults_pinch, vaults_room_door_ring,
          serial_shops, shop
Abyss:4:  doesnt_abyss_rune_brain_food, hangedman_abyss_exit_choices
Bazaar:   bazaar_kb_twisted_cavern
Ossuary:  ossuary_due_cavern
Volcano:  volcano_grotto

Skill      XL: |  1  2  3  4  5  6  7  8  9 10 11 12 13 14 15 16 17 18 19 20 21 22 23 24 |
---------------+-------------------------------------------------------------------------+-----
Dodging        | 3 |  3.2
Unarmed Combat | 4 5 6 7 9 11 12 13 14 16 17 18 19 20 | 20.0
Fighting       | 4 5 6 8 9 11 12 13 14 15 16 17 18 19 20 | 20.5
Invocations    | 2 3 6 8 9 |  9.2
Armour         | 1 3 4 6 8 10 11 | 11.6
Shields        | 7 9 11 13 15 16 17 18 19 | 19.1
Crossbows      | 4 10 | 10.0
Evocations     | 5 11 13 | 13.7
Stealth        | |  2.1

Action                   |  1- 3 |  4- 6 |  7- 9 | 10-12 | 13-15 | 16-18 | 19-21 | 22-24 || total
-------------------------+-------+-------+-------+-------+-------+-------+-------+-------++-------
Melee: Unarmed           |   141 |   200 |   477 |   867 |  1254 |  1800 |  1621 |   870 ||  7230
       Punch             |     1 |     3 |     6 |       |       |       |       |       ||    10
 Fire: Hand crossbow     |       |       |       |       |       |       |   176 |    81 ||   257
Invok: Heroism           |       |     1 |     8 |    11 |    21 |    23 |    27 |    11 ||   102
       Finesse           |       |       |       |       |     1 |     1 |     2 |     4 ||     8
Evoke: Wand              |       |       |     3 |       |       |       |     4 |     3 ||    10
  Use: Scroll            |       |       |    12 |    12 |    14 |     2 |    22 |     5 ||    67
       Potion            |       |       |       |       |       |     2 |     8 |    15 ||    25
 Stab: Sleeping          |     5 |     5 |     1 |       |       |       |       |       ||    11
       Distracted        |       |     1 |       |       |       |       |     1 |       ||     2
       Confused          |       |       |       |       |       |     2 |       |       ||     2
  Eat: Chunk             |    13 |    16 |    26 |    62 |    79 |   147 |   146 |    45 ||   534
       Ration            |       |       |       |       |       |     1 |       |       ||     1
Armor: Robe              |    20 |       |       |       |       |       |       |       ||    20
       Leather armour    |       |    20 |       |       |       |       |       |       ||    20
       Ring mail         |       |    58 |   108 |       |       |       |       |       ||   166
       Chain mail        |       |       |    98 |   226 |   381 |   669 |   384 |    21 ||  1779
       Plate armour      |       |       |       |   165 |       |       |       |   198 ||   363
Dodge: Dodged            |   103 |   127 |   195 |   209 |   270 |   426 |   298 |   109 ||  1737
Block: Buckler           |       |       |    45 |    33 |       |       |       |       ||    78
       Shield            |       |       |       |   403 |  1160 |  1733 |       |       ||  3296
       Reflection        |       |       |       |       |    31 |    34 |   142 |    58 ||   265
       Large shield      |       |       |       |       |       |   236 |  2003 |  1000 ||  3239

Table legend:
 A = Non-vault XP
 B = Vault XP
 C = Vault XP percentage of total XP
 D = Non-vault monster count
 E = Vault monster count
 F = Vault count percentage of total count
                 A         B        C        D         E       F
            +---------+---------+-------+---------+---------+-------
      Total |  438507 |  342879 |  43.9 |    1296 |     591 |  31.3
            +---------+---------+-------+---------+---------+-------
        D:1 |      55 |       0 |   0.0 |      28 |       0 |   0.0
        D:2 |      77 |       9 |  10.5 |      23 |       5 |  17.9
        D:3 |     142 |     180 |  55.9 |      21 |       8 |  27.6
        D:4 |     489 |       0 |   0.0 |      33 |       0 |   0.0
        D:5 |     905 |     465 |  33.9 |      28 |       3 |   9.7
        D:6 |     975 |     202 |  17.2 |      25 |       1 |   3.8
        D:7 |    1196 |    1102 |  48.0 |      24 |       8 |  25.0
        D:8 |     632 |    2469 |  79.6 |      17 |      13 |  43.3
        D:9 |    1548 |    1097 |  41.5 |      17 |      13 |  43.3
       D:10 |    2919 |       0 |   0.0 |      32 |       0 |   0.0
       D:11 |    1086 |     266 |  19.7 |       8 |       4 |  33.3
       D:12 |    7793 |       0 |   0.0 |      44 |       0 |   0.0
       D:13 |    8507 |   17021 |  66.7 |      32 |      23 |  41.8
       D:14 |   12232 |    7558 |  38.2 |      35 |      14 |  28.6
       D:15 |   14483 |    1754 |  10.8 |      38 |       1 |   2.6
     Lair:1 |    4199 |       0 |   0.0 |      21 |       0 |   0.0
     Lair:2 |    2766 |       0 |   0.0 |       9 |       0 |   0.0
     Lair:3 |    1843 |     458 |  19.9 |       7 |       2 |  22.2
     Lair:4 |   12210 |    2555 |  17.3 |      40 |      10 |  20.0
     Lair:5 |   17302 |    2476 |  12.5 |      31 |      25 |  44.6
     Lair:6 |   10650 |   20715 |  66.0 |      29 |      57 |  66.3
    Swamp:1 |   14110 |    1493 |   9.6 |      47 |       1 |   2.1
    Swamp:2 |   12080 |       0 |   0.0 |      31 |       0 |   0.0
    Swamp:3 |   15049 |       0 |   0.0 |      30 |       0 |   0.0
    Swamp:4 |   14523 |   29471 |  67.0 |      36 |      43 |  54.4
   Spider:1 |   19501 |    2165 |  10.0 |      63 |       1 |   1.6
   Spider:2 |   18714 |    4572 |  19.6 |      49 |      13 |  21.0
   Spider:3 |   17176 |       0 |   0.0 |      47 |       0 |   0.0
   Spider:4 |   10723 |   24717 |  69.7 |      28 |      47 |  62.7
      Orc:1 |    2614 |       0 |   0.0 |      29 |       0 |   0.0
      Orc:2 |    3156 |   11528 |  78.5 |      30 |      34 |  53.1
      Elf:1 |   15842 |   11208 |  41.4 |      28 |      15 |  34.9
      Elf:2 |   29129 |   29767 |  50.5 |      59 |      30 |  33.7
      Elf:3 |    1420 |   25078 |  94.6 |       3 |      19 |  86.4
   Vaults:1 |   30455 |   18316 |  37.6 |      47 |      29 |  38.2
   Vaults:2 |   30817 |   21848 |  41.5 |      56 |      26 |  31.7
   Vaults:3 |   33926 |   17410 |  33.9 |      48 |      30 |  38.5
   Vaults:4 |   18867 |   42594 |  69.3 |      36 |      52 |  59.1
   Vaults:5 |    5198 |   35551 |  87.2 |       6 |      27 |  81.8
    Abyss:4 |   43198 |    4296 |   9.0 |      81 |       7 |   8.0
    Ossuary |       0 |     546 | 100.0 |       0 |      12 | 100.0
    Volcano |       0 |    3992 | 100.0 |       0 |      18 | 100.0
            +---------+---------+-------+---------+---------+-------

Vault maps used:
D:1:      elethiomel_arrival_maze
D:2:      evilmike_ruin_ashenzari, hangedman_decor_points, okawaru_trees_2
D:3:      serial_co_window_serial, co_window_paths_b, co_window_corner_a,
          co_window_corner_a, co_window_of_opportunity_a, co_window_corner_a,
          co_window_paths_a, co_window_corner_a, co_window_paths_b,
          co_window_of_opportunity_a, co_window_cross_3, co_window_corner_b,
          co_window_paths_c, co_window_unsneaky_path_d, co_window_paths_c,
          co_window_broadway_a, co_window_unsneaky_path_c, lemuel_angel_altar,
          uniq_robin
D:4:      minmay_temple_entry_slanted, first_ration, uniq_menkaure
D:5:      nicolae_ossuary_entry_monument, uniq_duvessa, uniq_sigmund
D:6:      uniq_eustachio
D:7:      basic_altar, serial_glass, glass_columns_c, glass_columns_b,
          grunt_livestock, chequers_arboretum, minmay_three_doors
D:8:      due_lair_maze_entry_diamond, grunt_dithmenos_shadows, uniq_pikel,
          uniq_joseph
D:9:      minmay_orc_entry_temple_small, uniq_erica
D:10:     serial_shops, shop_fountains, shop_statue, nicolae_shop_crystal,
          nicolae_shop_stone, kennysheep_mini
D:11:     minmay_lizard_king
D:12:     drop_trap
D:13:     cheibrodos_body_horror, grunt_vaults_entry_fortified,
          gammafunk_ghost_grave, serial_shops, nicolae_shop_stone,
          nicolae_shop_overgrown_old_shop, shop, serial_bayou_ford_a,
          minmay_crystal_box
D:14:     kennysheep_cross_landing, st_stairs_3, hangedman_tell_no_tales,
          uniq_louise
D:15:     grunt_enter_depths_giant_problem, elyvilon_altar_3,
          gammafunk_ghost_icy, serial_shops, nicolae_shop_behind_doors
Lair:1:   st_stairs_4, minmay_stone_trees_small
Lair:3:   minmay_swamp_entry_worms, minivault_27, grunt_megastairs_1
Lair:4:   dpeg_oklob_gauntlet, nicolae_spider_entry_tight_spaces,
          patterned_corridor, grunt_megastairs_3, serial_bayou_shore_a
Lair:5:   slime_altar_1
Lair:6:   hangedman_lair_tendril_chambers, hangedman_lair_in_review
Swamp:1:  ebering_ghost_rock_garden, evilmike_swamp_ruin_house_6, swamp_pool1
Swamp:2:  hangedman_swamp_ruin_wall
Swamp:3:  evilmike_swamp_ruin_rubble_2
Swamp:4:  swamp_basic_johnstein, gammafunk_ghost_berserking_beasts, swamp_pool3,
          lightli_tree_ring
Spider:1: uniq_frances
Spider:2: nicolae_spider_nook
Spider:4: spider_rune_water, guppyfry_spider_mini_1
Orc:2:    grunt_orc_tribal_feast, nicolae_volcano_entry_batcave,
          nicolae_orc_crystal_geode, uniq_rupert
Elf:1:    elf_arrival_001, minmay_elf_sorcery, uniq_asterion
Elf:2:    serial_shops, shop_scrolls, uniq_donald
Elf:3:    minmay_elf_hall_quartered_circle, serial_shops, shop,
          grunt_ministairs_7, roderic_lattice_octagonal_star
Vaults:1: nicolae_vaults_little_squares_3, vaults_mumra_minichess,
          grunt_vaults_trifunnel, ontoclasm_vaults_fault,
          hangedman_vaults_cutoff, nicolae_vaults_alarming, v_misc_10,
          v_alt_pattern_2, vaults_room_grid,
          hangedman_vaults_stretched_pinwheel, nicolae_vaults_murderbox,
          v_misc_13, vaults_room_large_hall, vaults_room_large_hall,
          serial_shops, freezing_bzr
Vaults:2: ebering_vaults_ghost_gozag, v_misc_3, v_misc_25, vaults_mumra_lcd,
          v_rooms_3, nicolae_vaults_statue_guard, vaults_dpeg_ring
Vaults:3: hangedman_vaults_nails, vaults_dpeg_spiral, nicolae_vaults_what_the_h,
          dpeg_vaults_monster_box, nicolae_vaults_network_s,
          hangedman_vaults_stream, hangedman_vaults_snaps,
          nicolae_vaults_little_squares_1, ontoclasm_vaults_loading_screen
Vaults:4: ontoclasm_vaults_ring_square, nicolae_vaults_network_barrier,
          ontoclasm_vaults_shuriken, v_misc_4, v_misc_16, v_pattern_1,
          v_rooms_5, ontoclasm_vaults_shout, v_misc_24, v_misc_12, v_misc_32,
          v_misc_15, ontoclasm_vaults_pinch, vaults_room_door_ring,
          serial_shops, shop
Abyss:4:  doesnt_abyss_rune_brain_food, hangedman_abyss_exit_choices
Bazaar:   bazaar_kb_twisted_cavern
Ossuary:  ossuary_due_cavern
Volcano:  volcano_grotto

Table legend:
 A = Turns spent in this place as a percentage of turns spent in the entire game.
 B = Non-inter-level travel turns spent in this place as a percentage of non-inter-level travel turns spent in the entire game.
 C = Inter-level travel turns spent in this place as a percentage of turns spent in this place.
 D = Turns resting spent in this place as a percentage of non-inter-level travel turns spent in this place.
 E = Turns spent auto-exploring this place as a percentage of non-inter-level travel turns spent in this place.
 F = Non-inter-level travel turns spent in this place divided by the number of levels of this place that you've seen.
                   A       B       C       D       E      F
               +-------+-------+-------+-------+-------+----------------------
         Total | 100.0 | 100.0 |   7.4 |  18.1 |  50.4 | 1052.3
       Dungeon |  36.1 |  34.6 |  11.3 |  17.3 |  56.1 | 1042.9
          Lair |  17.0 |  17.3 |   5.8 |  21.3 |  51.9 | 1301.7
         Swamp |  11.0 |  10.8 |   8.7 |  22.0 |  45.5 | 1223.5
   Spider Nest |  10.9 |  11.5 |   2.7 |  19.4 |  50.1 | 1298.5
  Orcish Mines |   2.8 |   2.4 |  19.6 |   0.0 |  58.3 | 551.0
   Elven Halls |   7.0 |   7.3 |   4.4 |  29.0 |  33.3 | 1095.3
        Vaults |  12.2 |  13.0 |   1.5 |  10.3 |  52.5 | 1177.4
         Abyss |   1.4 |   1.5 |   0.0 |  11.2 |   6.2 | 698.0
        Bazaar |   0.2 |   0.2 |   0.0 |   0.0 |  65.0 | 103.0
       Ossuary |   0.8 |   0.9 |   0.0 |  25.6 |  37.2 | 387.0
       Volcano |   0.5 |   0.5 |   0.0 |   0.0 |  30.5 | 246.0
               +-------+-------+-------+-------+-------+----------------------

Table legend:
 A = Kills in this place as a percentage of kills in entire the game.
 B = Kills by you in this place as a percentage of kills by you in the entire game.
 C = Kills by friends in this place as a percentage of kills by friends in the entire game.
 D = Other kills in this place as a percentage of other kills in the entire game.
 E = Experience gained in this place as a percentage of experience gained in the entire game.
 F = Experience gained in this place divided by the number of levels of this place that you have seen.
                   A       B       C       D       E      F
               +-------+-------+-------+-------+-------+----------------------
         Total | 100.0 | 100.0 |   N/A | 100.0 | 100.0 | 18171.8
       Dungeon |  26.4 |  26.4 |   N/A |  28.0 |  10.9 | 5677.5
          Lair |  12.2 |  12.4 |   N/A |   0.0 |   9.6 | 12529.0
         Swamp |  10.0 |  10.1 |   N/A |   0.0 |  11.1 | 21681.5
   Spider Nest |  13.1 |  13.3 |   N/A |   0.0 |  12.5 | 24392.0
  Orcish Mines |   4.9 |   5.0 |   N/A |   0.0 |   2.2 | 8649.0
   Elven Halls |   8.2 |   8.1 |   N/A |  12.0 |  14.4 | 37481.3
        Vaults |  18.9 |  18.5 |   N/A |  52.0 |  32.6 | 50996.4
         Abyss |   4.7 |   4.6 |   N/A |   8.0 |   6.1 | 47494.0
       Ossuary |   0.6 |   0.6 |   N/A |   0.0 |   0.1 | 546.0
       Volcano |   1.0 |   1.0 |   N/A |   0.0 |   0.5 | 3992.0
               +-------+-------+-------+-------+-------+----------------------
